 Dungeon Crawl Stone Soup version 0.29.0-5-ge4962eb29e (webtiles) character file.

Game seed: 5101746200169193512

145 sirJeffrey23 the Trooper (level 5, 0/46 HPs)
             Began as a Draconian Monk on Aug 29, 2022.
             Slain by an orc wizard
             ... wielding a +0 dagger
              (2 damage)
             ... on level 3 of the Dungeon.
             The game lasted 00:02:38 (3527 turns).

sirJeffrey23 the Trooper (Draconian Monk)           Turns: 3527, Time: 00:02:38

Health: 0/46       AC:  5    Str: 13    XL:     5   Next: 6%
Magic:  5/5        EV: 13    Int: 10    God:
Gold:   136        SH:  5    Dex: 16    Spells: 4/4 levels left

rFire   . . .      SeeInvis .   a - +0 short sword
rCold   . . .      Faith    .   (no shield)
rNeg    . . .      Spirit   .   (body armour unavailable)
rPois   .          Reflect  +   (helmet restricted)
rElec   .          Harm     .   (no cloak)
rCorr   .          Rampage  .   (no gloves)
Will    .....                   (no boots)
Stlth   ++........              d - amulet of reflection
HPRegen 0.15/turn               (no ring)
MPRegen 0.09/turn               (no ring)

@: no status effects
A: AC +5, unfitting armour, cold-blooded
a: no special abilities


You were on level 3 of the Dungeon.
You visited 1 branch of the dungeon, and saw 3 of its levels.

You collected 136 gold pieces.

Inventory:

Hand Weapons
 a - a +0 short sword (weapon)
Jewellery
 d - an amulet of reflection (around neck)
Scrolls
 c - a scroll of enchant weapon {unknown}
 f - 2 scrolls of fear
Potions
 b - a potion of degeneration {unknown}
 e - a potion of flight
 g - 3 potions of attraction
 h - 4 potions of curing
 i - 2 potions of might


   Skills:
 * Level 4.2 Fighting
 * Level 4.0 Short Blades
 * Level 3.9 Dodging
 + Level 2.0 Stealth
 + Level 0.2 Shields


You had 4 spell levels left.
You didn't know any spells.
Your spell library contained the following spells:

 Spells                   Type           Power      Damage    Failure   Level
 Magic Dart               Conj           0%         1d3       36%         1
 Slow                     Hex            0%         N/A       36%         1
 Ensorcelled Hibernation  Hex/Ice        0%         N/A       50%         2
 Passwall                 Tmut/Erth      0%         N/A       50%         2
 Searing Ray              Conj           0%         2d4       50%         2
 Confusing Touch          Hex            0%         N/A       75%         3
 Swiftness                Air            0%         N/A       75%         3
 Vampiric Draining        Necr           0%         2d6       75%         3
 Fulminant Prism          Conj/Hex       0%         3d6       98%         4
 Alistair's Intoxication  Tmut/Pois      0%         N/A       100%        5
 Borgnjor's Vile Clutch   Necr/Erth      0%         N/A       100%        5
 Eringya's Noxious Bog    Tmut/Pois      0%         N/A       100%        6


Dungeon Overview and Level Annotations

Branches:
Dungeon (3/15)

Altars:
Kikubaaqudgha
Makhleb
Xom

Annotations:
D:3 2 transporters, SigmundSlayer's ghost, amateur GrFi


Innate Abilities, Weirdness & Mutations

Your plain brown scales are hard. (AC +5)
You cannot fit into any form of body armour.
You are cold-blooded and may be slowed by cold attacks.


Message History

You hear some strange, mumbled words.
You are more confused.
You hear some strange, mumbled words.
A magic dart appears from out of thin air!
The magic dart hits you.
You bump into the rock wall.
Something hits you but does no damage. x2
You hit something. You tail-slap something.
Something hits you but does no damage. x2
You completely miss something.
You hear some strange, mumbled words.
A magic dart appears from out of thin air!
The magic dart hits you! Something hits you.
You miss something. Something hits you. Something hits you but does no damage.
Unknown command.
You hit something. Something hits you.
You hear some strange, mumbled words.
Something tries to affect you, but you resist.
You completely miss something.
An orc wizard appears from thin air!
Reactivating autopickup.
The orc wizard points at you and mumbles some strange words.
You resist with some effort. Something hits you but does no damage.
Deactivating autopickup; reactivate with Ctrl-A.
You bump into the rock wall.
The orc wizard closely misses you. Something hits you.
* * * LOW HITPOINT WARNING * * *
Unknown command.
You bump into the rock wall.
The orc wizard hits you with a +0 dagger.
* * * LOW HITPOINT WARNING * * *
Something hits you but does no damage.
You're too confused to move!
Something hits you.
* * * LOW HITPOINT WARNING * * *
The orc wizard barely misses you.
You bump into the rock wall.
You feel less confused. The orc wizard casts a spell at you.
The magic dart hits you.
* * * LOW HITPOINT WARNING * * *
Something hits you.
You die...

##)............#. #..
#####.###..#..#. #..
#.........## #.$ ###
#####..#.... #.. ..#
#..#.... #.. #.#
#......# #.. #.#
#.####.# #..####.#
#.....>. #..o{@#.#
######.# #..##o#.# #.#
#.. #.#.## #########.#
#..##....###..........
#.............######.#
#...#....###..########
#.................###
###.#########..._.#Z#
#. #.....###


You could see an orc wizard and an orc.

Vanquished Creatures
  Robin (D:3)
  5 adders
  A dart slug (D:1)
  8 orcs (D:3)
  7 endoplasms
  5 giant cockroaches
  9 goblins
  11 hobgoblins
  4 jackals (D:1)
  A quokka (D:1)
  5 ball pythons
  4 bats
  A frilled lizard (D:2)
  7 kobolds
  5 rats
74 creatures vanquished.

Vanquished Creatures (others)
  A human (D:3)
1 creature vanquished.

Grand Total: 75 creatures vanquished

Notes
Turn   | Place    | Note
-------+----------+-------------------------------------------
     0 | D:1      | sirJeffrey23 the Draconian Monk began the quest for the
                  | Orb.
     0 | D:1      | Reached XP level 1. HP: 19/19 MP: 1/1
    62 | D:1      | Reached XP level 2. HP: 20/26 MP: 2/2
   964 | D:1      | Reached XP level 3. HP: 25/31 MP: 3/3
  1946 | D:2      | Found a faded altar of an unknown god.
  1946 | D:2      | Noticed a rust devil
  2045 | D:3      | Noticed Robin
  2061 | D:3      | Reached XP level 4. HP: 31/40 MP: 4/4
  2080 | D:3      | Killed Robin
  2340 | D:3      | Found a burning altar of Makhleb.
  2374 | D:3      | Found a transporter.
  2759 | D:3      | Found a shimmering altar of Xom.
  2759 | D:3      | Found a shimmering altar of Xom.
  2779 | D:3      | Found a shimmering altar of Xom.
  3292 | D:3      | Reached XP level 5. HP: 43/46 MP: 5/5
  3367 | D:3      | Found a transporter.
  3367 | D:3      | Noticed SigmundSlayer's ghost (amateur GrFi)
  3476 | D:3      | Found an ancient bone altar of Kikubaaqudgha.
  3479 | D:3      | Noticed a human
  3480 | D:3      | Killed a human
  3527 | D:3      | HP: 2/46 [orc wizard/magic dart (6)]
  3527 | D:3      | Slain by an orc wizard

Illustrated notes

Levels and vault maps discovered:
D:1:      lightli_arrival_chessboard, layout_basic
D:2:      kennysheep_six_static_rooms, layout_rooms,
          dreamdust_ecumenical_altar_sealed_demon
D:3:      layout_loops_ring, tgw_kikubaaqudgha, xom_redecorated,
          nicolae_hepliaklqana_ecumenical_no_more,
          mainiacjoe_overflow_concentric_impassable, gammafunk_ghost_mausoleum,
          dreamdust_princess_bridge, uniq_robin

Skill      XL: |  1  2  3  4 |
---------------+-------------+-----
Dodging        | 3 |  3.9
Fighting       | 4 |  4.2
Stealth        | 2 |  2.0
Short Blades   | 4 |  4.0
Shields        | |  0.2

Action                   |  1- 3 |  4- 6 || total
-------------------------+-------+-------++-------
Melee: Short sword       |   190 |   179 ||   369
       Tailslap          |    22 |    20 ||    42
       Punch             |     3 |     2 ||     5
  Use: Potion            |     1 |       ||     1
       Scroll            |     5 |       ||     5
 Stab: Sleeping          |     5 |       ||     5
Armor: Skin              |    56 |    42 ||    98
Dodge: Dodged            |   106 |    80 ||   186
Block: Other             |    15 |    25 ||    40
